 Dungeon Crawl Stone Soup version 0.20.0-10-g0535bb4 (webtiles) character file.

4 RKaid the Sneak (level 1, 0/9 HPs)
             Began as a Spriggan Enchanter on June 3, 2017.
             Succumbed to a kobold's poison
             ... on level 1 of the Dungeon.
             The game lasted 00:02:02 (203 turns).

RKaid the Sneak (Spriggan Enchanter)                 Turns: 203, Time: 00:02:03

Health: 0/9        AC:  2    Str:  4    XL:     1   Next: 58%
Magic:  4/5        EV: 18    Int: 16    God:
Gold:   6          SH:  0    Dex: 16    Spells: 5/6 levels left

rFire    . . .     SeeInvis +   a - +1 dagger
rCold    + . .     Gourm    .   (shield restricted)
rNeg     . . .     Faith    .   b - +0 robe
rPois    .         Spirit   .   (helmet restricted)
rElec    .         Reflect  .   (no cloak)
rCorr    .         Harm     .   (gloves unavailable)
MR       .....                  (boots unavailable)
Stlth    +++.......             (no amulet)
Regen    0.1/turn               f - ring of protection from cold {rC+}
MPRegen  0.1/turn               (no ring)

@: lethally poisoned (0 -> -5), flying, very quick
A: unfitting armour, see invisible, herbivore 3, speed 3, slow metabolism 2
a: no special abilities


You were on level 1 of the Dungeon.
You were not hungry.

You visited 1 branch of the dungeon, and saw 1 of its levels.

You collected 6 gold pieces.

Inventory:

Hand Weapons
 a - a +1 dagger (weapon)
Armour
 b - a +0 robe (worn)
Jewellery
 f - a ring of protection from cold (left hand) {rC+}
   (You found it on level 1 of the Dungeon)
Books
 c - a book of Maledictions
Comestibles
 d - a bread ration


   Skills:
 - Level 1.1 Short Blades
 - Level 3.0 Dodging
 + Level 4.5 Stealth
 + Level 3.1 Spellcasting
 + Level 3.7 Hexes


You had 5 spell levels left.
You knew the following spells:

 Your Spells              Type           Power        Failure   Level  Hunger
b - Corona                Hex            ##.....      4%          1    #......


Dungeon Overview and Level Annotations

Branches:
Dungeon (1/15)

Altars:


Innate Abilities, Weirdness & Mutations

You are very small and have problems with some larger weapons.
You are too small for most types of armour.
You have supernaturally acute eyesight. (SInv)
You are a herbivore.
You cover ground extremely quickly.
You need consume almost no food.


Message History

Aiming: Corona
Press: ? - help, Shift-Dir - straight line, f - rat
Aim: a rat (chance to defeat MR: 67%)
The rat is outlined in light.
You hit the rat but do no damage. The rat completely misses you.
You hit the rat but do no damage. The rat misses you.
You hit the rat. The rat barely misses you.
You hit the rat.
You kill the rat!
You start resting.
Found a stone staircase leading down.
e - a fizzy pink potion You enter a teleport trap!
The teleport trap disappears.
Your surroundings suddenly seem different.
A frilled lizard comes into view.
The helpless frilled lizard fails to defend itself.
You impale the frilled lizard!!
You kill the frilled lizard!
A bat comes into view.
You see here 6 gold pieces.
You now have 6 gold pieces.
Casting: Corona
Confirm with . or Enter, or press ? or * to list all spells.
Aiming: Corona
Press: ? - help, Shift-Dir - straight line, f - bat
Aim: a bat (chance to defeat MR: 67%)
The bat is outlined in light.
The bat completely misses you. The bat misses you.
You hit the bat. The bat hits you. The bat hits you but does no damage.
You hit the bat but do no damage. The bat closely misses you.
The bat completely misses you.
You hit the bat.
You kill the bat!
You see here a ring mail.
A goblin comes into view. It is wielding a club.
The goblin shouts!
The goblin closely misses you.
You closely miss the goblin. The goblin completely misses you.
You closely miss the goblin. The goblin hits you but does no damage.
You hit the goblin. You hit the goblin but do no damage.
The goblin closely misses you.
You closely miss the goblin. The goblin barely misses you.
Casting: Corona
Confirm with . or Enter, or press ? or * to list all spells.
Aiming: Corona
Press: ? - help, Shift-Dir - straight line, f - goblin
Aim: a goblin, wielding a club (moderately wounded, chance to defeat MR: 67%)
The goblin barely resists.
The goblin closely misses you.
Casting: Corona
Confirm with . or Enter, or press ? or * to list all spells.
Aiming: Corona
Press: ? - help, Shift-Dir - straight line, f/p - goblin
Aim: a goblin, wielding a club (moderately wounded, chance to defeat MR: 67%)
The goblin is outlined in light.
You barely miss the goblin. The goblin barely misses you.
You hit the goblin but do no damage. The goblin completely misses you.
You hit the goblin.
You kill the goblin!
Your Spellcasting skill increases to level 3!
You start resting.
You see here a club.
f - an opal ring
g - a scroll labeled XOYTHO TACKE A frilled lizard comes into view.
A kobold comes into view. It is wielding a whip of venom.
The helpless frilled lizard fails to defend itself.
You impale the frilled lizard!!
You kill the frilled lizard!
You see here a frilled lizard corpse.
You hit the kobold but do no damage. The kobold barely misses you.
Casting: Corona
Confirm with . or Enter, or press ? or * to list all spells.
Aiming: Corona
Press: ? - help, Shift-Dir - straight line, f - kobold
Aim: a kobold, wielding a whip of venom (chance to defeat MR: 68%)
The kobold is outlined in light.
You closely miss the kobold.
The kobold hits you with a whip of venom.
Ouch! That really hurt!
You are lethally poisoned!
Unknown command.
You feel sick.
You see here a frilled lizard corpse.
It was a potion of flight.
You feel very buoyant.
You fly up into the air.
* * * LOW HITPOINT WARNING * * *
You feel sick.
Put on which piece of jewellery? (? for menu, Esc to quit)
f - a ring of protection from cold (left hand)
The kobold misses you.
As you read the scroll labeled XOYTHO TACKE, it crumbles to dust.
You hear a loud clanging noise!
It was a scroll of noise.
You hear an angry hiss.
The kobold closely misses you.
* * * LOW HITPOINT WARNING * * *
You feel sick.
The kobold stops glowing.
You die...

#.####.#########
#..............#.#
#####.####.###.....#.#
#.....# #.# #.....#.#
#.###.####.###.....#.#
#.............♣.♣..#.#
#####.####.........#.#
...#######.♣.♣..#.#########
#..........@...K...†........
#.#.########♣.♣###.#.#######
..... (.... #.#.# ##.#.#
##♣.♣.#....# #$ #.#.#..###
#.# #..# ..# #..# ### #..#


You could see a kobold.

Vanquished Creatures
  A bat (D:1)
  2 frilled lizards (D:1)
  2 goblins (D:1)
  A rat (D:1)
6 creatures vanquished.

Notes
Turn   | Place    | Note
-------+----------+-------------------------------------------
     0 | D:1      | RKaid the Spriggan Enchanter began the quest for the Orb.
     0 | D:1      | Reached XP level 1. HP: 9/9 MP: 5/5
   138 | D:1      | Reached skill level 3 in Spellcasting
   194 | D:1      | HP: 2/9 [poisoned by a kobold]
   203 | D:1      | Succumbed to a kobold's poison

Skill      XL: |  1 |
---------------+----+-----
Spellcasting   | 3 |  3.1
Short Blades   | |  1.1
Dodging        | |  3.0
Stealth        | |  4.5
Hexes          | |  3.7

Action                   || total
-------------------------++-------
Melee: Dagger            ||    20
 Cast: Corona            ||     5
  Use: Scroll            ||     1
       Potion            ||     1
 Stab: Sleeping          ||     3
Armor: Robe              ||     1
Dodge: Dodged            ||    17

Table legend:
 A = Turns spent in this place as a percentage of turns spent in the entire game.
 B = Non-inter-level travel turns spent in this place as a percentage of non-inter-level travel turns spent in the entire game.
 C = Inter-level travel turns spent in this place as a percentage of turns spent in this place.
 D = Turns resting spent in this place as a percentage of non-inter-level travel turns spent in this place.
 E = Turns spent auto-exploring this place as a percentage of non-inter-level travel turns spent in this place.
 F = Non-inter-level travel turns spent in this place divided by the number of levels of this place that you've seen.
                   A       B       C       D       E      F
               +-------+-------+-------+-------+-------+----------------------
         Total | 100.0 | 100.0 |   0.0 |   2.4 |   2.4 | 165.0
       Dungeon | 100.0 | 100.0 |   0.0 |   2.4 |   2.4 | 165.0
               +-------+-------+-------+-------+-------+----------------------

Table legend:
 A = Kills in this place as a percentage of kills in entire the game.
 B = Kills by you in this place as a percentage of kills by you in the entire game.
 C = Kills by friends in this place as a percentage of kills by friends in the entire game.
 D = Other kills in this place as a percentage of other kills in the entire game.
 E = Experience gained in this place as a percentage of experience gained in the entire game.
 F = Experience gained in this place divided by the number of levels of this place that you have seen.
                   A       B       C       D       E      F
               +-------+-------+-------+-------+-------+----------------------
         Total | 100.0 | 100.0 |  -nan |  -nan | 100.0 |   7.0
       Dungeon | 100.0 | 100.0 |  -nan |  -nan | 100.0 |   7.0
               +-------+-------+-------+-------+-------+----------------------
